Cogmind - Beta 13 @@@ ROGUE MODE // 2024.03.04 @ 14:32:59 Player: StarSirius Result: Escaped! Performance ------------- Evolutions (9) 4500 Regions Visited (15) 3000 Robots Destroyed (54) 270 Value Destroyed (1571) 1571 Prototype IDs (9) 180 Alien Tech Used (0) 0 Bonus (3657) 3657 TOTAL SCORE: 13178 Bonus ------- Follower Combat Kills 379 Aligned with FarCom 300 Win 3000 Friendly Fire -22 Cogmind --------- Core Integrity 1369/1600 Matter 184/300 Energy 349/350 System Corruption 0% Temperature Cool (1) Movement Flying (34) Location To Epsilon Eridani Parts ------- > --- POWER (2) -------- Cooled Fission Core > --- PROPULSION (8) --- Improved Flight Unit Biomechanical Wings Biomechanical Wings > --- UTILITY (13) ----- Advanced Weight Redist. System Advanced Visual Processing Unit Advanced Terrain Scan Processor 0b10 Alert Chip Improved Hacking Suite Improved Hacking Suite System Shield System Shield > --- WEAPON (2) ------- Precision Shock Rifle > --- INVENTORY (5) ---- Light Quantum Reactor Advanced Cooling System Improved Trap Scanner Drone Bay (1/2) Peak State ------------ > --- POWER ------------ Cooled Fission Core Cooled Fission Core > --- PROPULSION ------- Improved Heavy Treads Improved Flight Unit Improved Flight Unit Biomechanical Wings Biomechanical Wings Nuclear Pulse Array > --- UTILITY ---------- Small Storage Unit Advanced Weight Redist. System Advanced Visual Processing Unit Improved Signal Interpreter Improved Terrain Scanner 0b10 Alert Chip ECM Suite Cloaking Device Improved Hacking Suite Improved Hacking Suite System Shield System Shield > --- WEAPON ----------- Great Maul Power Sword > --- INVENTORY -------- Cooled Fission Core Light Quantum Reactor Advanced Cooling System Improved Trap Scanner Advanced ECM Suite Drone Bay Precision Shock Rifle [Rating: 111] Favorites ----------- Power Cooled Fission Core Engine Light Angular Momentum Engine Power Core Cooled Fission Core Propulsion Aluminum Leg Treads Improved Heavy Treads Leg Aluminum Leg Flight Unit Improved Flight Unit Utility Small Storage Unit Device Improved Terrain Scanner Storage Small Storage Unit Processor 0b10 Alert Chip Hackware Hacking Suite Weapon Great Maul Energy Gun Small Laser Ballistic Gun Shotgun Launcher Rocket Launcher Special Weapon Mining Laser Impact Weapon Great Maul Slashing Weapon Power Sword Build | -11 -10 -10 -10 -9 -8 -8 -7 -6 -5 -4 -4 -4 -3 -2 -1 ------- Run | Yrd Mat Min Exi Min Mat Sto Fac Fac Fac Fac Was Fac Res Res Acc Slots Evolved 18 | . . . . . 4 . 2 2 2 2 . . 2 2 2 Power 1 | . . . . . . . . . . . . . . 1 . Propulsion 6 | . . . . . 3 . 1 . . . . . . 1 1 Utility 11 | . . . . . 1 . 1 2 2 2 . . 2 . 1 Weapon . | . . . . . . . . . . . . . . . . Parts Attached 132 | 7 6 8 1 7 4 25 18 20 8 7 . . 10 8 3 Power 17 | 1 1 2 1 . . 2 1 2 4 1 . . . 2 . Engine 4 | 1 . 1 . . . 1 1 . . . . . . . . Core 13 | . 1 1 1 . . 1 . 2 4 1 . . . 2 . Reactor . | . . . . . . . . . . . . . . . . Propulsion 55 | 2 3 1 . 2 . 19 9 7 . 2 . . 6 3 1 Treads 1 | . . . . . . . . . . . . . . . 1 Leg 29 | 2 3 1 . 2 . 16 5 . . . . . . . . Wheel . | . . . . . . . . . . . . . . . . Hover . | . . . . . . . . . . . . . . . . Flight 25 | . . . . . . 3 4 7 . 2 . . 6 3 . Utility 32 | 2 . . . 2 1 2 2 8 4 3 . . 4 3 1 Device 18 | 1 . . . 2 . 2 1 4 2 2 . . 4 . . Storage 3 | 1 . . . . . . . 2 . . . . . . . Processor 4 | . . . . . 1 . 1 1 . . . . . . 1 Hackware 7 | . . . . . . . . 1 2 1 . . . 3 . Protection . | . . . . . . . . . . . . . . . . Artifact . | . . . . . . . . . . . . . . . . Weapon 28 | 2 2 5 . 3 3 2 6 3 . 1 . . . . 1 Energy Gun 18 | 2 . 3 . 2 2 2 5 1 . . . . . . 1 Energy Cannon . | . . . . . . . . . . . . . . . . Ballistic Gun 1 | . . . . . 1 . . . . . . . . . . Ballistic Cannon . | . . . . . . . . . . . . . . . . Launcher 2 | . . 1 . 1 . . . . . . . . . . . Special Weapon 3 | . 2 1 . . . . . . . . . . . . . Impact Weapon 3 | . . . . . . . 1 1 . 1 . . . . . Slashing Weapon 1 | . . . . . . . . 1 . . . . . . . Piercing Weapon . | . . . . . . . . . . . . . . . . Special Melee Weapon . | . . . . . . . . . . . . . . . . Unidentified Prototypes 9 | . . . . . 1 2 2 1 1 . . . 1 1 . Corrupted Parts 3 | . . . . . . 2 1 . . . . . . . . System Corruption 18 | . . . . . . 7 11 . . . . . . . . Parts Lost 23 | . . . . . . . . 8 1 . . . 3 1 10 Power 2 | . . . . . . . . 1 . . . . . . 1 Propulsion 9 | . . . . . . . . 4 . . . . 2 1 2 Utility 8 | . . . . . . . . 1 1 . . . 1 . 5 Weapon 4 | . . . . . . . . 2 . . . . . . 2 Highest Loss Streak 10 | . . . . . . . . 7 1 . . . 2 1 10 To Critical Strikes . | . . . . . . . . . . . . . . . . Average Slot Usage (%) 94 | . 100 100 100 100 72 96 95 89 99 98 100 100 92 91 85 Engine 3 | . 7 7 6 . . 7 2 3 . . . . . . . Core 5 | . 6 6 7 14 9 1 4 2 5 4 5 5 4 8 7 Leg 18 | . 28 28 28 28 18 41 41 . . . . . . . . Flight 12 | . . . . . . . . 31 35 30 31 31 24 22 19 Device 12 | . 14 14 14 14 9 8 13 7 5 15 15 15 20 17 15 Storage 8 | . 14 14 14 14 9 9 7 5 5 5 5 5 4 4 3 Processor 10 | . . . . . 9 9 8 19 17 15 15 15 14 13 14 Hackware 4 | . . . . . . . . 4 16 15 15 15 12 15 16 Energy Gun 10 | . 25 22 14 19 10 16 14 6 . . . . . . . Launcher 1 | . . 2 14 8 . . . . . . . . . . . Impact Weapon 1 | . . . . . . . . 3 5 5 5 5 4 4 3 Slashing Weapon 1 | . . . . . . . . 1 5 5 5 5 4 4 3 Naked Turns . | . . . . . . . . . . . . . . . . Heaviest Build 47 | 11 13 15 16 18 18 22 21 20 26 30 30 30 36 47 44 Greatest Support 108 | 20 20 20 20 20 20 60 108 30 41 35 35 35 43 48 44 Greatest Overweight (x) 1 | 1 . . . . . . . 1 . . . . . . . Average Overweight (x) . | . . . . . . . . . . . . . . . . Largest Inventory Capacity 8 | 8 8 8 8 8 8 8 8 8 8 8 8 8 8 8 8 Average Capacity 7 | 7 8 8 8 8 8 8 8 7 8 8 8 8 8 8 7 Most Carried 8 | 8 8 8 8 8 8 8 8 8 8 7 7 7 8 7 7 Average Carried 7 | 6 8 7 7 7 7 7 7 7 7 5 7 7 6 6 6 Final Capacity 8 | 8 8 8 8 8 8 8 8 8 8 8 8 8 8 8 5 Final Carried 8 | 8 8 8 8 8 8 8 8 8 8 7 7 7 6 7 4 Class Distribution -------------------- 26% | Scavenger-Skirmisher 22% | Hacker-Ninja 17% | Scavenger-Mutant 8% | Scout 7% | Scavenger-Scout 5% | Commander-Skirmisher 5% | Mutant 4% | Hacker-Scout Dominant Class ---------------- Scavenger-Mutant | -10/Materials Scavenger-Mutant | -10/Mines Scavenger-Mutant | -10/Exiles Scavenger-Skirmisher | -9/Mines Scavenger-Skirmisher | -8/Materials Scavenger-Skirmisher | -8/Storage Scavenger-Skirmisher | -7/Factory Scout | -6/Factory Hacker-Scout | -5/Factory Hacker-Ninja | -4/Factory Hacker-Ninja | -4/Waste Hacker-Ninja | -4/Factory Hacker-Ninja | -3/Research Hacker-Ninja | -2/Research Hacker-Ninja | -1/Access Resources | -11 -10 -10 -10 -9 -8 -8 -7 -6 -5 -4 -4 -4 -3 -2 -1 ----------- Run | Yrd Mat Min Exi Min Mat Sto Fac Fac Fac Fac Was Fac Res Res Acc Matter Collected 1527 | 270 40 60 . 123 . 496 102 179 25 146 . . 26 60 . Remotely . | . . . . . . . . . . . . . . . . Salvage Created 1786 | 107 225 191 . 116 . 598 129 277 17 . . . 26 100 . Parts 109 | 6 11 13 . 24 . 22 3 15 . . . . 4 11 . Haulers Intercepted 1 | . . . . . . 1 . . . . . . . . . Recyclers Shooed 1 | . . 1 . . . . . . . . . . . . . Parts Field Recycled . | . . . . . . . . . . . . . . . . Retrieved Matter . | . . . . . . . . . . . . . . . . Parts Self-Destructed . | . . . . . . . . . . . . . . . . Prevented . | . . . . . . . . . . . . . . . . Kills | -11 -10 -10 -10 -9 -8 -8 -7 -6 -5 -4 -4 -4 -3 -2 -1 ------- Run | Yrd Mat Min Exi Min Mat Sto Fac Fac Fac Fac Was Fac Res Res Acc Combat Hostiles Destroyed 42 | . 5 8 . 11 . 8 2 8 . . . . . . . Melee 4 | . . . . . . . . 4 . . . . . . . Guns 19 | . 5 2 . 1 . 8 1 2 . . . . . . . AOE 16 | . . 6 . 10 . . . . . . . . . . . Classes Destroyed 11 | 2 1 1 . 1 . 3 . 2 . . . . . 1 . Tunneler 6 | 2 . . . 2 . . . 1 . . . . 1 . . Hauler 1 | . . . . . . 1 . . . . . . . . . Recycler 4 | 1 . 1 . . . 2 . . . . . . . . . Operator 3 | . . . . . . . . . . . . . . 3 . Watcher 2 | . . . . . . . . 1 1 . . . . . . Swarmer 14 | . . . . 8 . . . 6 . . . . . . . Grunt 17 | . 5 4 . 3 . 5 . . . . . . . . . Sentry 4 | . . . . . . 2 1 1 . . . . . . . Hunter 2 | . . . . . . 1 1 . . . . . . . . Programmer 1 | . . . . . . . . 1 . . . . . . . Assembled 4 | . . 4 . . . . . . . . . . . . . Best Kill Streak 8 | 2 1 6 . 5 . 3 1 8 1 . . . 1 1 . Combat Bots Only 8 | . 1 6 . 4 . 2 1 8 . . . . . . . Max Kills in Single Turn 5 | 1 1 2 . 5 . 2 1 1 1 . . . 1 1 . Gunslinging . | . . . . . . . . . . . . . . . . Exploded 4 | . . 2 . 4 . . . . . . . . . . . Melee 1 | . . . . . . . . 1 . . . . . . . Uniques/NPCs Destroyed . | . . . . . . . . . . . . . . . . Combat | -11 -10 -10 -10 -9 -8 -8 -7 -6 -5 -4 -4 -4 -3 -2 -1 -------- Run | Yrd Mat Min Exi Min Mat Sto Fac Fac Fac Fac Was Fac Res Res Acc Hostile Shots Fired 402 | . 24 11 . 13 15 30 44 112 5 . . 6 39 6 97 Missed 185 | . 8 3 . 4 8 11 20 53 3 . . 3 28 3 41 Damage Taken 3223 | . 174 92 . 102 107 376 208 853 44 . . 64 256 22 925 Core 785 | . . 14 . 23 11 55 23 312 21 . . . 95 . 231 Absorbed by Shields . | . . . . . . . . . . . . . . . . Regen/Repaired (Parts) 196 | . . . . . . . . 171 . . . . . 25 . Core Remaining (%) 90 | 100 . . . 85 . 88 96 63 97 . . 100 92 100 85 Volleys Fired 114 | 13 16 18 . 9 2 29 10 13 . . . . . . 4 Largest 2 | 2 2 2 . 2 2 2 2 2 . . . . . . 1 Hottest 140 | 80 100 140 . 105 86 136 136 130 . . . . . . 55 Shots Fired 192 | 26 31 26 . 13 4 61 13 14 . . . . . . 4 Gun 175 | 26 30 15 . 8 4 61 13 14 . . . . . . 4 Cannon . | . . . . . . . . . . . . . . . . Launcher 12 | . . 7 . 5 . . . . . . . . . . . Special 5 | . 1 4 . . . . . . . . . . . . . Kinetic 7 | . . . . . 2 5 . . . . . . . . . Thermal 156 | 26 31 19 . 8 2 56 7 7 . . . . . . . Explosive 12 | . . 7 . 5 . . . . . . . . . . . Electromagnetic 17 | . . . . . . . 6 7 . . . . . . 4 Robot Hit Streak 17 | 8 17 5 . 9 1 9 12 7 . . . . . . . Robot Miss Streak 4 | 2 2 4 . 1 4 2 1 4 . . . . . . . Penetration Max . | . . . . . . . . . . . . . . . . Secondary Targets 1 | . . . . . . 1 . . . . . . . . . Max Gunslinging Chain 1 | . . . . . . 1 . . . . . . . . . Shots Hit Robots 142 | 19 23 12 . 7 1 39 12 20 2 . . . 2 5 . Core Hits 84 | 4 12 17 . 18 1 16 3 9 . . . . 1 3 . Critical Kills 2 | . . . . . . . . 2 . . . . . . . Critical Parts Destroyed 1 | . . . . . . . . . 1 . . . . . . Critical Strikes 10 | . . . . 1 . 4 2 2 1 . . . . . . Burn 7 | . . . . 1 . 4 2 . . . . . . . . Smash 3 | . . . . . . . . 2 1 . . . . . . Melee Attacks 100 | . . . . . . . 2 36 7 . . . 30 11 14 Impact 47 | . . . . . . . 2 28 3 . . . 3 1 10 Slashing 53 | . . . . . . . . 8 4 . . . 27 10 4 Piercing . | . . . . . . . . . . . . . . . . Sneak Attacks 5 | . . . . . . . . 1 2 . . . 1 1 . Combat Hostiles . | . . . . . . . . . . . . . . . . Follow-up Attacks 1 | . . . . . . . . . 1 . . . . . . Damage Inflicted 4149 | 214 252 496 . 734 18 780 249 763 178 . . . 124 341 . Guns 1845 | 214 252 111 . 77 18 780 249 144 . . . . . . . Cannons . | . . . . . . . . . . . . . . . . Explosions 1042 | . . 385 . 657 . . . . . . . . . . . Melee 1262 | . . . . . . . . 619 178 . . . 124 341 . Ramming . | . . . . . . . . . . . . . . . . Kinetic 59 | . . . . . . 59 . . . . . . . . . Thermal 1557 | 214 252 111 . 77 18 721 122 42 . . . . . . . Explosive 1042 | . . 385 . 657 . . . . . . . . . . . Electromagnetic 229 | . . . . . . . 127 102 . . . . . . . Impact 656 | . . . . . . . . 554 102 . . . . . . Slashing 606 | . . . . . . . . 65 76 . . . 124 341 . Piercing . | . . . . . . . . . . . . . . . . Highest Corruption 11 | . . . . . . 8 11 1 . . . . . . . Average Corruption 6 | . . . . . . 7 11 1 . . . . . . . Corruption Purged . | . . . . . . . . . . . . . . . . Corruption Blocked . | . . . . . . . . . . . . . . . . Effects 42 | . . . . . . 30 9 3 . . . . . . . Message Errors 13 | . . . . . . 8 4 1 . . . . . . . Matter Fused 10 | . . . . . . 7 1 2 . . . . . . . Heat Flow Errors 7 | . . . . . . 7 . . . . . . . . . Energy Discharges 1 | . . . . . . . 1 . . . . . . . . Parts Rejected 1 | . . . . . . 1 . . . . . . . . . Data Loss (minor) 4 | . . . . . . 2 2 . . . . . . . . Misfires 4 | . . . . . . 3 1 . . . . . . . . Alerts 1 | . . . . . . 1 . . . . . . . . . Weapon Failures 1 | . . . . . . 1 . . . . . . . . . Overload Shots . | . . . . . . . . . . . . . . . . Overflow Damage 297 | . . 7 . . . . . 116 143 . . . . 31 . Projectiles . | . . . . . . . . . . . . . . . . Explosions 7 | . . 7 . . . . . . . . . . . . . Melee 290 | . . . . . . . . 116 143 . . . . 31 . Knockbacks 1 | . . . . . . . . 1 . . . . . . . Impact 1 | . . . . . . . . 1 . . . . . . . Kinetic . | . . . . . . . . . . . . . . . . Secondary . | . . . . . . . . . . . . . . . . Self-Inflicted Damage 7 | . . . . 7 . . . . . . . . . . . Shots 1 | . . . . 1 . . . . . . . . . . . Rammed . | . . . . . . . . . . . . . . . . Targets Rammed . | . . . . . . . . . . . . . . . . Kicked . | . . . . . . . . . . . . . . . . Crushed . | . . . . . . . . . . . . . . . . Highest Temperature 300 | 21 84 108 . 222 12 300 18 66 . . . . . 288 . Average Temperature 56 | 7 27 36 . 100 8 77 6 25 . . . . . 158 . Received Heat Transfer 577 | . 99 58 . 45 27 180 42 90 . . . 9 18 . 9 Effects 1 | . . . . . . 1 . . . . . . . . . Energy Bleed 1 | . . . . . . 1 . . . . . . . . . Siege Activations . | . . . . . . . . . . . . . . . . Robots Corrupted . | . . . . . . . . . . . . . . . . Combat Hostiles . | . . . . . . . . . . . . . . . . Parts Fried 4 | . . . . . . . 1 2 1 . . . . . . Impact Corruptions 8 | . . . . . . . . 7 1 . . . . . . Robots Melted 1 | . . . . . . . 1 . . . . . . . . Combat Hostiles 1 | . . . . . . . 1 . . . . . . . . Parts Melted 4 | 1 . 1 . . . 1 1 . . . . . . . . Heat Transferred 3656 | 475 575 237 . 260 37 1628 370 74 . . . . . . . Parts Sabotaged . | . . . . . . . . . . . . . . . . Parts Stolen . | . . . . . . . . . . . . . . . . Parts Stripped . | . . . . . . . . . . . . . . . . Power Chain Reactions . | . . . . . . . . . . . . . . . . Alert | -11 -10 -10 -10 -9 -8 -8 -7 -6 -5 -4 -4 -4 -3 -2 -1 ------- Run | Yrd Mat Min Exi Min Mat Sto Fac Fac Fac Fac Was Fac Res Res Acc Peak Influence 330 | 15 195 170 . 330 152 249 135 219 107 46 28 43 99 261 77 Initial 128 | . 9 . . . 128 63 79 16 28 46 16 19 22 47 35 Average 79 | 4 85 68 . 205 132 85 53 97 61 46 18 26 40 113 23 Maximum Alert Level 1 | . . . . 1 . 1 . 1 . . . . . 1 . Low Security (%) 93 | 100 100 100 . 39 100 95 100 95 100 100 100 100 100 75 100 Level 1 6 | . . . . 60 . 4 . 4 . . . . . 24 . Level 2 . | . . . . . . . . . . . . . . . . Level 3 . | . . . . . . . . . . . . . . . . Level 4 . | . . . . . . . . . . . . . . . . Level 5 . | . . . . . . . . . . . . . . . . High Security . | . . . . . . . . . . . . . . . . Max Security . | . . . . . . . . . . . . . . . . Squads Dispatched 25 | . 1 . . . 1 8 . 2 2 . . . 4 5 2 Investigation 9 | . . . . . 1 2 . 1 2 . . . 1 1 1 Extermination 5 | . . . . . . . . 1 . . . . 2 1 1 Reinforcement 5 | . 1 . . . . 1 . . . . . . 1 2 . Assault 2 | . . . . . . 2 . . . . . . . . . Garrison 4 | . . . . . . 3 . . . . . . . 1 . Intercept . | . . . . . . . . . . . . . . . . Searches Triggered . | . . . . . . . . . . . . . . . . Construction Impeded . | . . . . . . . . . . . . . . . . Haulers Reinforced . | . . . . . . . . . . . . . . . . Active Scanning Responses . | . . . . . . . . . . . . . . . . Cargo Convoy Interrupts . | . . . . . . . . . . . . . . . . Stealth | -11 -10 -10 -10 -9 -8 -8 -7 -6 -5 -4 -4 -4 -3 -2 -1 --------- Run | Yrd Mat Min Exi Min Mat Sto Fac Fac Fac Fac Was Fac Res Res Acc Distress Signals 8 | . . . . . . 2 1 . 1 . . . 3 1 . Communications Jammed . | . . . . . . . . . . . . . . . . Distress Signals . | . . . . . . . . . . . . . . . . Times Spotted 146 | . 8 13 . 7 13 20 4 24 4 . 1 3 23 14 12 Peak Tracking Total 15 | . 2 8 . 4 15 5 2 6 2 . 1 3 9 6 6 Tactical Retreats 27 | . 1 1 . . . 4 . 7 1 . . . 7 3 3 Traps | -11 -10 -10 -10 -9 -8 -8 -7 -6 -5 -4 -4 -4 -3 -2 -1 ------- Run | Yrd Mat Min Exi Min Mat Sto Fac Fac Fac Fac Was Fac Res Res Acc Traps Triggered 10 | . . . . . 1 5 . 1 1 2 . . . . . Indirectly . | . . . . . . . . . . . . . . . . Trap Hack Attempts . | . . . . . . . . . . . . . . . . Triggered . | . . . . . . . . . . . . . . . . Disarmed . | . . . . . . . . . . . . . . . . Reprogrammed . | . . . . . . . . . . . . . . . . Reused . | . . . . . . . . . . . . . . . . Traps Extracted . | . . . . . . . . . . . . . . . . Installed . | . . . . . . . . . . . . . . . . Triggered . | . . . . . . . . . . . . . . . . Machines | -11 -10 -10 -10 -9 -8 -8 -7 -6 -5 -4 -4 -4 -3 -2 -1 ---------- Run | Yrd Mat Min Exi Min Mat Sto Fac Fac Fac Fac Was Fac Res Res Acc Machines Disabled 6 | . . 1 . 1 . 3 . . . . . . . . 1 Max in Single Turn 1 | . . 1 . 1 . 1 . . . . . . . . 1 Machines Repaired . | . . . . . . . . . . . . . . . . Machines Dismantled . | . . . . . . . . . . . . . . . . Machines Sabotaged . | . . . . . . . . . . . . . . . . Overloaded Fab Kills . | . . . . . . . . . . . . . . . . Hacking | -11 -10 -10 -10 -9 -8 -8 -7 -6 -5 -4 -4 -4 -3 -2 -1 --------- Run | Yrd Mat Min Exi Min Mat Sto Fac Fac Fac Fac Was Fac Res Res Acc Machines Accessed 67 | . 4 . . . . 9 8 17 5 . . 1 10 10 3 Terminals 52 | . 4 . . . . 8 6 12 3 . . . 7 9 3 Fabricators 3 | . . . . . . . 1 . 1 . . . 1 . . Repair Stations 6 | . . . . . . . . 3 1 . . . 1 1 . Recycling Units 4 | . . . . . . 1 . 2 . . . 1 . . . Scanalyzers 2 | . . . . . . . 1 . . . . . 1 . . Garrison Access . | . . . . . . . . . . . . . . . . Total Hacks 199 | . 13 . . . . 30 29 39 16 . . 1 27 35 9 Successful 96 | . 6 . . . . 10 16 20 9 . . 1 15 15 4 Failed 103 | . 7 . . . . 20 13 19 7 . . . 12 20 5 Catastrophic 25 | . 3 . . . . 6 1 6 1 . . . 1 6 1 Database Lockouts . | . . . . . . . . . . . . . . . . Manual 115 | . 9 . 4 . . 23 17 16 4 . . . 16 23 3 Terminals 159 | . 13 . . . . 24 24 28 10 . . . 20 31 9 Fabricators 6 | . . . . . . . 2 . 2 . . . 2 . . Repair Stations 18 | . . . . . . . . 9 4 . . . 1 4 . Recycling Units 9 | . . . . . . 6 . 2 . . . 1 . . . Scanalyzers 7 | . . . . . . . 3 . . . . . 4 . . Garrison Access . | . . . . . . . . . . . . . . . . Terminal Hacks 41 | . 4 . . . . 6 8 6 3 . . . 4 7 3 Record 1 | . . . . . . 1 . . . . . . . . . Part Schematic 4 | . . . . . . 3 1 . . . . . . . . Level Access Points 5 | . . . . . . . . 1 1 . . . 1 1 1 Branch Access Points 1 | . . . . . . . 1 . . . . . . . . Terminal Index 6 | . . . . . . 1 1 1 . . . . 1 1 1 Fabricator Index 1 | . . . . . . . 1 . . . . . . . . Unreport Threat 9 | . 2 . . . . . 1 2 . . . . 1 2 1 Recall Reinforcements 1 | . . . . . . . . . . . . . . 1 . Hauler Manifests 1 | . . . . . . . 1 . . . . . . . . Registered Components 1 | . . . . . . . . . 1 . . . . . . Zone Layout 11 | . 2 . . . . 1 2 2 1 . . . 1 2 . Fabricator Hacks 4 | . . . . . . . . . 2 . . . 2 . . Load Schematic 2 | . . . . . . . . . 1 . . . 1 . . Build 2 | . . . . . . . . . 1 . . . 1 . . Repair Station Hacks 10 | . . . . . . . . 6 2 . . . . 2 . Scan Component 6 | . . . . . . . . 3 2 . . . . 1 . Repair 4 | . . . . . . . . 3 . . . . . 1 . Recycling Unit Hacks 4 | . . . . . . 1 . 2 . . . 1 . . . Retrieve Components 4 | . . . . . . 1 . 2 . . . 1 . . . Scanalyzer 6 | . . . . . . . 2 . . . . . 4 . . Insert Component 3 | . . . . . . . 1 . . . . . 2 . . Analyze 3 | . . . . . . . 1 . . . . . 2 . . Garrison Access Hacks . | . . . . . . . . . . . . . . . . Unauthorized Hacks 31 | . 2 . . . . 3 6 6 2 . . . 5 6 1 Terminals 30 | . 2 . . . . 2 6 6 2 . . . 5 6 1 Track 1 | . . . . . . . 1 . . . . . . . . Assimilate 5 | . . . . . . . 1 1 1 . . . 1 1 . Botnet 24 | . 2 . . . . 2 4 5 1 . . . 4 5 1 Fabricators . | . . . . . . . . . . . . . . . . Repair Stations . | . . . . . . . . . . . . . . . . Recycling Units 1 | . . . . . . 1 . . . . . . . . . Mask 1 | . . . . . . 1 . . . . . . . . . Scanalyzers . | . . . . . . . . . . . . . . . . Garrison Access . | . . . . . . . . . . . . . . . . Data Cores Recovered 1 | . . . . . . . . . . . . . . 1 . Used . | . . . . . . . . . . . . . . . . Hacking Detections 62 | . 4 . . . . 9 8 14 4 . . 1 10 9 3 Full Trace Events 7 | . . . . . . 1 . 1 2 . . . 1 1 1 Feedback Events . | . . . . . . . . . . . . . . . . Feedback Blocked 1 | . . . . . . . . . 1 . . . . . . Robot Schematics Acquired . | . . . . . . . . . . . . . . . . Robots Built . | . . . . . . . . . . . . . . . . Authchips . | . . . . . . . . . . . . . . . . Time . | . . . . . . . . . . . . . . . . Total Robot Build Rating . | . . . . . . . . . . . . . . . . Part Schematics Acquired 7 | . . . . . . 3 2 . . . . . 2 . . Parts Built 3 | . . . . . . . . . 2 . . . 1 . . Authchips . | . . . . . . . . . . . . . . . . Time 183 | . . . . . . . . . 31 . . . 152 . . Total Part Build Rating 9 | . . . . . . . . . 4 . . . 5 . . Parts Repaired 4 | . . . . . . . . 3 . . . . . 1 . Time 97 | . . . . . . . . 80 . . . . . 17 . Parts Recycled . | . . . . . . . . . . . . . . . . Recycled Matter . | . . . . . . . . . . . . . . . . Retrieved Matter . | . . . . . . . . . . . . . . . . Retrieved Components 19 | . . . . . . 10 . 6 . . . 3 . . . Parts Scanalyzed 3 | . . . . . . . 1 . . . . . 2 . . Part Schematics Acquired 3 | . . . . . . . 1 . . . . . 2 . . Parts Damaged . | . . . . . . . . . . . . . . . . Bothacking | -11 -10 -10 -10 -9 -8 -8 -7 -6 -5 -4 -4 -4 -3 -2 -1 ------------ Run | Yrd Mat Min Exi Min Mat Sto Fac Fac Fac Fac Was Fac Res Res Acc Used RIF Installer . | . . . . . . . . . . . . . . . . Robots Hacked . | . . . . . . . . . . . . . . . . Non-combat . | . . . . . . . . . . . . . . . . Combat . | . . . . . . . . . . . . . . . . Robot Hacks Applied . | . . . . . . . . . . . . . . . . Relay Couplers Released . | . . . . . . . . . . . . . . . . Fabnet Peak Effective % . | . . . . . . . . . . . . . . . . Robots Rewired . | . . . . . . . . . . . . . . . . Allies Hacked . | . . . . . . . . . . . . . . . . Hacks Repelled . | . . . . . . . . . . . . . . . . Allies | -11 -10 -10 -10 -9 -8 -8 -7 -6 -5 -4 -4 -4 -3 -2 -1 -------- Run | Yrd Mat Min Exi Min Mat Sto Fac Fac Fac Fac Was Fac Res Res Acc Total Allies 16 | . . . . . . 12 1 1 1 . . . 1 . . Largest Group 10 | . . . . . . 10 1 1 1 . . . 1 . . Highest-Rated Group 173 | . . . . . . 173 10 26 26 . . . 26 . . Highest-Rated Ally 31 | . . . . . . 31 10 26 26 . . . 26 . . Total Orders 20 | . . . . . . 19 . . 1 . . . . . . STAY 9 | . . . . . . 9 . . . . . . . . . ROAM 1 | . . . . . . 1 . . . . . . . . . FOLLOW 9 | . . . . . . 9 . . . . . . . . . EXPLORE 1 | . . . . . . . . . 1 . . . . . . Ally Attacks 100 | . . . . . . 100 . . . . . . . . . Total Damage 1411 | . . . . . . 1411 . . . . . . . . . Kills 13 | . . . . . . 13 . . . . . . . . . Allies Corrupted 1 | . . . . . . 1 . . . . . . . . . Allies Melted . | . . . . . . . . . . . . . . . . Intel | -11 -10 -10 -10 -9 -8 -8 -7 -6 -5 -4 -4 -4 -3 -2 -1 ------- Run | Yrd Mat Min Exi Min Mat Sto Fac Fac Fac Fac Was Fac Res Res Acc Robot Analysis Total . | . . . . . . . . . . . . . . . . Derelict Logs Recovered 2 | . . 1 . 1 . . . . . . . . . . . Drone Launches 1 | . . . . . . . . . 1 . . . . . . Drone Recoveries . | . . . . . . . . . . . . . . . . Exploration | -11 -10 -10 -10 -9 -8 -8 -7 -6 -5 -4 -4 -4 -3 -2 -1 ------------- Run | Yrd Mat Min Exi Min Mat Sto Fac Fac Fac Fac Was Fac Res Res Acc Turns Passed 6861 | 141 290 409 571 391 174 1073 746 1143 316 92 16 49 603 305 542 Spaces Moved 8050 | 74 179 272 472 286 133 635 549 1894 626 220 62 181 1071 636 760 Core 8 | 8 . . . . . . . . . . . . . . . Treads . | . . . . . . . . . . . . . . . . Legs 2564 | 66 179 272 472 286 133 635 521 . . . . . . . . Wheels . | . . . . . . . . . . . . . . . . Hover . | . . . . . . . . . . . . . . . . Flight 5478 | . . . . . . . 28 1894 626 220 62 181 1071 636 760 Fastest Speed 24 | 50 120 120 120 120 120 120 31 29 24 24 25 25 25 24 28 Average Speed 59 | 113 120 120 120 120 120 120 115 33 33 24 25 25 27 26 35 Slowest Speed 125 | 120 120 120 120 120 120 120 125 107 34 28 25 25 32 28 68 Overloaded Moves . | . . . . . . . . . . . . . . . . Propulsion Burnouts . | . . . . . . . . . . . . . . . . Robots Hopped 41 | . . . . . . . . 14 2 . . 2 11 6 6 Cave-ins Triggered . | . . . . . . . . . . . . . . . . Exploration Rate (%) 33 | 5 22 54 68 74 13 62 11 48 23 7 74 7 38 18 17 Regions Visited 15 Branch Regions 4 Pre-discovered Areas 1 | . . 1 . . . . . . . . . . . . . Known Exits Taken 5 | . . . . . . . . 1 1 . . 1 1 1 . Unknown Exits Taken 8 | 1 1 1 1 1 1 1 1 . . . . . . . . Scrap Searched 3 | . . . . 3 . . . . . . . . . . . Spaces Dug 58 | . 1 2 . . . . 2 17 3 . . . 24 4 5 Terrain Destroyed 149 | . 1 46 . 47 . . 2 17 3 . . . 24 4 5 Melee 55 | . . . . . . . 2 17 3 . . . 24 4 5 Projectile 4 | . 1 3 . . . . . . . . . . . . . AOE 90 | . . 43 . 47 . . . . . . . . . . . Terrain Rammed . | . . . . . . . . . . . . . . . . Walls Destroyed . | . . . . . . . . . . . . . . . . Machines Disabled . | . . . . . . . . . . . . . . . . Actions | -11 -10 -10 -10 -9 -8 -8 -7 -6 -5 -4 -4 -4 -3 -2 -1 --------- Run | Yrd Mat Min Exi Min Mat Sto Fac Fac Fac Fac Was Fac Res Res Acc Total 9735 | 103 223 325 477 326 144 897 644 2303 725 256 61 181 1323 752 995 Wait 1238 | . 18 9 . 8 3 168 48 340 71 28 . 3 219 100 223 Move 7955 | 73 178 271 471 285 132 634 548 1865 621 220 61 176 1048 623 749 Hop 39 | . . . . . . . . 14 2 . . 2 11 6 4 Pick Up 55 | 10 . 7 2 7 1 8 2 10 5 1 . . 1 1 . Fast Attach 48 | 5 . 1 . 1 1 8 6 12 1 3 . . 4 4 2 Attach 26 | 2 . . . . 1 1 2 5 2 3 . . 6 3 1 Detach 14 | . . 1 . . . 1 3 . 1 . . . 5 3 . Swap 58 | . 6 7 1 6 2 16 10 3 5 1 . . . 1 . Drop 84 | . 5 11 2 10 2 26 13 6 5 . . . 2 1 1 Fire 114 | 13 16 18 . 9 2 29 10 13 . . . . . . 4 Melee 89 | . . . . . . . 2 35 4 . . . 27 10 11 Ram . | . . . . . . . . . . . . . . . . Kick . | . . . . . . . . . . . . . . . . Crush . | . . . . . . . . . . . . . . . . Escape Stasis 14 | . . . . . . 6 . . 8 . . . . . . Rewire 1 | . . . 1 . . . . . . . . . . . . Trap . | . . . . . . . . . . . . . . . . Miscellaneous . | . . . . . . . . . . . . . . . . Route ------- -11/Scrapyard -10/Materials -10/Mines (discovered 3 exits: [*Mat x2] / *Exi) -10/Exiles (discovered 2 exits: [*Min x2]) -9/Mines -8/Materials -8/Storage -7/Factory (discovered 3 exits: *Fac / *Low x2) -6/Factory (discovered 4 exits: *Fac x4) -5/Factory (discovered 4 exits: *Fac x4) -4/Factory -4/Waste -4/Factory -3/Research (discovered 3 exits: *Res x3) -2/Research (discovered 3 exits: *Acc x3) -1/Access To Epsilon Eridani History --------- Turn | Location | Event 20 | -11/Scrapyard | Discovered new exit (range 16) 142 | -11/Scrapyard | Entered Materials 353 | -10/Materials | Discovered new exit (range 14) 432 | -10/Materials | Entered Mines 455 | -10/Mines | Discovered new exit (range 8) 520 | -10/Mines | Learned location of Storage (-8) 528 | -10/Mines | Met a Derelict bent on vengeance 646 | -10/Mines | Build established: Scavenger-Mutant 683 | -10/Mines | Discovered new exit (range 5) 717 | -10/Mines | Received a Rocket Launcher from a helpful Derelict 745 | -10/Mines | Assembled infested the area 836 | -10/Mines | Deemed a non-threat by the Exiles lab entrance 836 | -10/Mines | Discovered new exit (range 5) 841 | -10/Mines | Entered Exiles 873 | -10/Exiles | Met 8R-AWN 898 | -10/Exiles | Met EX-HEX 971 | -10/Exiles | Met EX-DEC 1034 | -10/Exiles | Met EX-BIN 1048 | -10/Exiles | Aligned with FarCom system 1049 | -10/Exiles | Given EX-Vault access code 1102 | -10/Exiles | Opened EX-Vault 1121 | -10/Exiles | Found Prototype Processor 1149 | -10/Exiles | Warned to stay clear of 0b10 Research branches 1236 | -10/Exiles | Discovered new exit (range 14) 1397 | -10/Exiles | Discovered new exit (range 15) 1412 | -10/Exiles | Left Exiles lab with 0b10 Alert Chip 1412 | -10/Exiles | Entered Mines 1660 | -9/Mines | Learned Materials terminal intel 1716 | -9/Mines | Build established: Scavenger-Skirmisher 1745 | -9/Mines | A weapon hastily lodged in a ceiling crevice suddenly fell to the ground 1780 | -9/Mines | Discovered new exit (range 10) 1803 | -9/Mines | Entered Materials 1803 | -8/Materials | Evolved 4 slots: Propulsion x3, Utility x1 1803 | -8/Materials | Identified 0b10 Alert Chip 1804 | -8/Materials | Loaded intel: 12 terminal locations 1956 | -8/Materials | Discovered new exit (range 15) 1977 | -8/Materials | Entered Storage 1999 | -8/Storage | Met a pair of Derelict thieves 2261 | -8/Storage | Assisted by bots powering up and referring to "LRC-V3" 2584 | -8/Storage | Build established: Commander-Skirmisher 2734 | -8/Storage | Lost 5 allies 2818 | -8/Storage | Garrison activated, responded to threat 2897 | -8/Storage | Lost 4 allies 2986 | -8/Storage | Discovered new exit (range 15) 3050 | -8/Storage | Entered Factory 3050 | -7/Factory | Evolved 2 slots: Propulsion x1, Utility x1 3063 | -7/Factory | Discovered new exit (range 11) 3343 | -7/Factory | Discovered new exit (range 16) 3361 | -7/Factory | Discovered new exit (range 10) 3492 | -7/Factory | Build established: Scavenger-Skirmisher 3569 | -7/Factory | System corruption reached 10% 3674 | -7/Factory | Identified exit to Lower Caves 3796 | -7/Factory | Entered another Factory area 3796 | -6/Factory | Evolved 2 slots: Utility x2 3860 | -6/Factory | Spotted B-75 Beast 3911 | -6/Factory | Repaired Imp. Terrain Scanner 4221 | -6/Factory | Build established: Scavenger-Scout 4480 | -6/Factory | Destroyed 8 combat bots 4483 | -6/Factory | Lost 7 parts (1p4n1u1w) 4512 | -6/Factory | Repaired Sml. Storage Unit 4755 | -6/Factory | Build established: Scout 4885 | -6/Factory | Identified exit to Factory 4930 | -6/Factory | Repaired VTOL Module 4939 | -6/Factory | Entered another Factory area 4939 | -5/Factory | Evolved 2 slots: Utility x2 5166 | -5/Factory | Fabricated VTOL Module? 5169 | -5/Factory | Identified exit to Factory 5234 | -5/Factory | Build established: Hacker-Scout 5255 | -5/Factory | Entered another Factory area 5255 | -4/Factory | Evolved 2 slots: Utility x2 5347 | -4/Factory | Sucked down chute 5347 | -4/Factory | Entered Waste 5349 | -4/Waste | Spotted C-40 Crusher 5353 | -4/Waste | Spotted C-40 Crusher 5353 | -4/Waste | Spotted C-40 Crusher 5356 | -4/Waste | Spotted C-40 Crusher 5359 | -4/Waste | Spotted C-40 Crusher 5361 | -4/Waste | Discovered new exit (range 10) 5363 | -4/Waste | Identified exit to Factory 5363 | -4/Waste | Entered Factory 5406 | -4/Factory | Discovered new exit (range 10) 5411 | -4/Factory | Identified exit to Research 5412 | -4/Factory | Entered Research 5412 | -3/Research | Evolved 2 slots: Utility x2 5454 | -3/Research | Spotted B-86 Titan 5552 | -3/Research | Build established: Hacker-Ninja 5816 | -3/Research | Spotted B-86 Titan 5835 | -3/Research | Fabricated Biomechanical Wings? 5870 | -3/Research | Spotted B-86 Titan 5978 | -3/Research | Identified exit to Research 6015 | -3/Research | Entered another Research area 6015 | -2/Research | Evolved 2 slots: Power x1, Propulsion x1 6165 | -2/Research | Garrison activated, responded to threat 6196 | -2/Research | Repaired Imp. Flight Unit 6257 | -2/Research | Spotted B-90 Cyclops 6310 | -2/Research | Identified exit to Access 6320 | -2/Research | Entered Access 6320 | -1/Access | Evolved 2 slots: Propulsion x1, Utility x1 6475 | -1/Access | Identified exit to Surface 6818 | -1/Access | Spotted B-99 Colossus 6819 | -1/Access | Spotted B-99 Colossus 6858 | -1/Access | Lost 10 parts (1p2n5u2w) 6862 | *** | Escaped! Last Messages --------------- 06826_ Slug penetrates Sealed Heavy Doors. 06826_ Penetrated by Slug. 06826_ Cloaking Device destroyed. 06826_ Slug penetrates Sealed Heavy Doors. 06827_ Power Sword destroyed. 06827_ Penetrated by Slug. 06827_ Slug penetrates Sealed Heavy Doors. 06827_ Penetrated by Slug. 06827_ Slug penetrates Sealed Heavy Doors. 06827_ Penetrated by Slug. 06827_ Slug penetrates Sealed Heavy Doors. 06827_ Penetrated by Slug. 06827_ Imp. Flight Unit destroyed. 06828_ B-99 Colossus activates siege mode. 06830_ Slug penetrates Sealed Heavy Doors. 06830_ Penetrated by Slug. 06830_ Slug penetrates Sealed Heavy Doors. 06830_ Penetrated by Slug. 06830_ Slug penetrates Main Access Shell. 06860_ Main Access Shell breached. Map ----- +----------------------------------------------------+ | ????????##?#?# # #???## # ###?? | | ???#????????## # ####?#" # #???? | | ?????#???????# = # ##?###"" # ##### | | ?????????????# # #?##?#"" # | | ?? ???#???#??# = # ###??#"" # | | ??????????##?# " # #?#?##"" # | | ?? ?#???????## """ + #????#"T "" + | | ??????#???##?# """ # % ##?###"" """" # | | ####?????????# " # ##?#?#"" """" # | | ??????#####"####"# ####?#"" """" / | | ??#?## #?# % #?#"" """" # #### | | " ###### ### ###" """" # #??? | | ?"" # # #?# ### "" # ##?? | | ??" + # #?# #?# "" # ##?# | | ?????# + ### % ###########"## #??? | | ???? ?# # #?#%BB BB #?#########"## ##?? | | ??????## ## ### BB BB ### # #??? | | ?? ????# ## ###"" " """""### # ###? | | ???##??# ## ###?"%""""""???# # #?#? | | ?????### ## #???" "??"""?### """""# #??? | | ???????# ## #?#"" """""""### """""# ##?# | | ?? ? ?# w########?# % #?# """""# #??? | | ??? ???# ########?# """"" ### """""# ???# | | ???????# # #?# " " ### """""# ?#?? | | ???? ?# # ### " "" " ### + #?#? | | ?"?????# # ### " "@ " #?# # ???? | | ??"????+ # " #?# " " ### # ????? | | ??? ?? # # "" ### """""" ###"##########???### | | ??? ?? # # "" ### #?# #??? #?#? | | ?? ??? # # "" #?# ### #?# ????? | | ???????# # "" #?""""""""""""## #?#? ???? | | ???????# # "" ###"" ### " ###?????? | | ?????? # # "" ###"" ### """ #?# ?? ? | | ?????#?# + " #?#"" #?# """ =#?? ? ? ? | | ???????# + ###T ### " ##?? ???? | | ???????# # ###"" ### #?#? ???? | | ? ? ? ## ########?#"" ###[ [##??????? | | "???? # #########"" #####+##+##### | | ???? ?+ g g | | "?? ? # gg | | "?? ? # ####################### #########+##### | | ??????## ###?????###???##?#?#???# ###??? ???? ??? | | ???????# ##?#####??#?????###?#??# ##?? ????????? | | ???? ??# ##?#?????#????##?#????## ##?? ?????? ?? | | ???????# #?##??#??????#?####???## ##?#??????????? | | ?? ????# #??????????????####?#### ##????????"???? | | ?? ???? #?#?????#??????##???#??# #??#??????????? | | ??? ? ????? ???????###?#????# #?????????????? | | ???????###???????????????#?#???#?# ?????????????? | | ?????????????#????? ????#???????# ?????????????? | +----------------------------------------------------+ Best States ------------- Heat Dissipation 52 Energy Generation 37 Energy Capacity 600 Matter Stores 300 Matter Capacity 300 Sight Range 20 Terrain Scan Range 16 Terrain Scan Density 210 ECM Strength 3 Cloak Strength 2 Additional Mass Support 9 Evasion (%) 65 Offensive Hacking 24 Defensive Hacking 20 Item Schematics ----------------- VTOL Module | -8/Storage | Hacked Imp. Flight Unit | -8/Storage | Hacked Hacking Suite | -8/Storage | Hacked Lgt. Angular Momentum Engine | -7/Factory | Scanalyzed Imp. Sensor Array | -7/Factory | Hacked Biomechanical Wings | -3/Research | Scanalyzed Adv. Cooling System | -3/Research | Scanalyzed Robot Schematics ------------------ None Fabricated ------------ VTOL Module | x2 | -5/Factory Biomechanical Wings | x1 | -3/Research Alien Tech Used ----------------- None Achievements -------------- None Challenges ------------ None Game ------ Seed UltimateAlloyHumpback Manual? 0 Play Time 02:48:28 Cumulative 81.4 hours Start 2024.03.03 @ 21:40:19 End 2024.03.04 @ 14:32:59 Sessions 7 Manual Loads 0 Difficulty Rogue Special Mode None Game No. 67 Rogue 67 Adventurer 0 Explorer 0 Win Type 0 Total 3 Types 3/0/0/0/0/0/0/0/0 Lore% 24 Gallery% 40 Achievement% 30 Wizard Run 0 Options --------- Layout 2 ASCII 0 Keyboard 0 Movement Numpad Keybinds 1 Fullscreen 2 Font 24/X11 Map View 50x44 Zoom Use 0% Tactical HUD 1 Map Filters NONE Filters BRIGHTNESS(115)|LOW_CONTRAST(0,16,30) Steam 1 RUN: 0db27aed-25ab-4573-bb71-02682f5f5dd2